PL
PHOENIX HOTSPUR @ NORTHERN VIRGINIA RAINBOW MERMAIDS
09/03/2031
 
TOP OF THE 1ST
Phoenix Hotspur batting - Pitching for Northern Virginia Rainbow Mermaids : LHP Raúl Gómez
Pitching: LHP Raúl Gómez
Batting: RHB Kyle Bywaters 0-0: Called Strike
0-1: Ball
1-1: Bunted foul
1-2: Strikes out swinging
Batting: LHB Francisco García 0-0: Ball
1-0: Ground out 4-3 (Groundball, 34D)
Batting: RHB Alfredo Pizarro 0-0: Swinging Strike
0-1: Ball
1-1: Called Strike
1-2: Ball
2-2: Strikes out swinging
Top of the 1st over - 0 runs, 0 hits, 0 errors, 0 left on base; Phoenix 0 - Northern Virginia 0
BOTTOM OF THE 1ST
Northern Virginia Rainbow Mermaids batting - Pitching for Phoenix Hotspur : RHP José Ruíz
Pitching: RHP José Ruíz
Batting: LHB Ty Tomblin 0-0: Ball
1-0: Called Strike
1-1: Ground out 3-1 (Groundball, 34S)
Batting: LHB Scott Kerin 0-0: DOUBLE (Groundball, 3L)
Batting: SHB Melito Báez 0-0: Called Strike
0-1: Ball
1-1: Swinging Strike
1-2: Foul Ball, location: 2F
1-2: Foul Ball, location: 2F
1-2: Ball
Wild Pitch!
Scott Kerin to third
2-2: DOUBLE (Flyball, 89XD)
Scott Kerin scores
Batting: LHB Kyoji Hakoda 0-0: Called Strike
0-1: Ball
1-1: Ball
2-1: 2-RUN HOME RUN (Flyball, 89XD), Distance : 437 ft
Batting: LHB José Ruíz 0-0: Foul Ball, location: 2F
0-1: Fly out, F9 (Flyball, 9D)
Batting: RHB Colt Cabana 0-0: Ball
1-0: Called Strike
1-1: Swinging Strike
1-2: Ball
2-2: Ball
3-2: Strikes out looking
Bottom of the 1st over - 3 runs, 3 hits, 0 errors, 0 left on base; Phoenix 0 - Northern Virginia 3
TOP OF THE 2ND
Phoenix Hotspur batting - Pitching for Northern Virginia Rainbow Mermaids : LHP Raúl Gómez
Batting: LHB Tadayoshi Watanabe 0-0: Foul Ball, location: 2F
0-1: Fly out, F4 (Line Drive, 4M)
Batting: RHB Hieronymus Bosch 0-0: Foul Ball, location: 2F
0-1: Foul Ball, location: 2F
0-2: Ball
1-2: Ball
2-2: Strikes out looking
Batting: RHB Roland Deschain 0-0: Swinging Strike
0-1: Ball
1-1: Ball
2-1: Fly out, F4 (Popup, 4S)
Top of the 2nd over - 0 runs, 0 hits, 0 errors, 0 left on base; Phoenix 0 - Northern Virginia 3
BOTTOM OF THE 2ND
Northern Virginia Rainbow Mermaids batting - Pitching for Phoenix Hotspur : RHP José Ruíz
Batting: RHB Zahid Kashani 0-0: Foul Ball, location: 2F
0-1: Called Strike
0-2: Strikes out swinging
Batting: RHB Mike Strickland 0-0: Called Strike
0-1: Ball
1-1: Ball
2-1: Fly out, F8 (Line Drive, 8RD)
Batting: RHB Tommy Socorro 0-0: Ground out 4-3 (Groundball, 4)
Bottom of the 2nd over - 0 runs, 0 hits, 0 errors, 0 left on base; Phoenix 0 - Northern Virginia 3
TOP OF THE 3RD
Phoenix Hotspur batting - Pitching for Northern Virginia Rainbow Mermaids : LHP Raúl Gómez
Batting: LHB Wagaw Lukongolo 0-0: Foul Ball, location: 2F
0-1: Ball
1-1: Ball
2-1: Ball
3-1: Foul Ball, location: 2F
3-2: Strikes out looking
Batting: RHB Julián De Paz 0-0: Called Strike
0-1: Ball
1-1: Ball
2-1: Ground out 6-3 (Groundball, 6)
Batting: LHB Mark Detamore 0-0: Called Strike
0-1: Foul Ball, location: 2F
0-2: Ground out 4-3 (Groundball, 4)
Top of the 3rd over - 0 runs, 0 hits, 0 errors, 0 left on base; Phoenix 0 - Northern Virginia 3
BOTTOM OF THE 3RD
Northern Virginia Rainbow Mermaids batting - Pitching for Phoenix Hotspur : RHP José Ruíz
Batting: LHB Ty Tomblin 0-0: Ball
1-0: Foul Ball, location: 2F
1-1: Ground out 1-3 (Groundball, 13)
Batting: LHB Scott Kerin 0-0: Ball
1-0: Swinging Strike
1-1: Foul Ball, location: 2F
1-2: Ball
2-2: Ball
3-2: Ground out 6-3 (Groundball, 6M)
Batting: SHB Melito Báez 0-0: Ball
1-0: Called Strike
1-1: Ground out 4-3 (Groundball, 4)
Bottom of the 3rd over - 0 runs, 0 hits, 0 errors, 0 left on base; Phoenix 0 - Northern Virginia 3
TOP OF THE 4TH
Phoenix Hotspur batting - Pitching for Northern Virginia Rainbow Mermaids : LHP Raúl Gómez
Batting: RHB Kyle Bywaters 0-0: Ball
1-0: Foul Ball, location: 2F
1-1: Ball
2-1: Foul Ball, location: 2F
2-2: Strikes out swinging
Batting: LHB Francisco García 0-0: DOUBLE (Line Drive, 9LM)
Batting: RHB Alfredo Pizarro 0-0: Called Strike
0-1: Called Strike
0-2: Ball
1-2: SINGLE (Flyball, 8RS)
Francisco García to third
Runner from 3rd tries for Home, SAFE, no throw
Batting: LHB Tadayoshi Watanabe 0-0: Swinging Strike
0-1: Foul Ball, location: 2F
0-2: Fly out, F9 (Flyball, 89M)
Batting: RHB Hieronymus Bosch 0-0: Called Strike
0-1: Foul Ball, location: 2F
0-2: Foul Ball, location: 2F
0-2: Ball
1-2: Fielders Choice at 2nd, U4 (Groundball, 4M)
Top of the 4th over - 1 run, 2 hits, 0 errors, 1 left on base; Phoenix 1 - Northern Virginia 3
BOTTOM OF THE 4TH
Northern Virginia Rainbow Mermaids batting - Pitching for Phoenix Hotspur : RHP José Ruíz
Batting: LHB Kyoji Hakoda 0-0: Foul Ball, location: 2F
0-1: Ball
1-1: Fly out, F8 (Flyball, 8RM)
Batting: LHB José Ruíz 0-0: Called Strike
0-1: Fly out, F9 (Flyball, 9LM)
Batting: RHB Colt Cabana 0-0: Ball
1-0: Called Strike
1-1: Foul Ball, location: 2F
1-2: Ball
2-2: Ball
3-2: TRIPLE (Flyball, 9LD)
Batting: RHB Zahid Kashani 0-0: Ball
1-0: Fly out, F3 (Flyball, 3D)
Bottom of the 4th over - 0 runs, 1 hit, 0 errors, 1 left on base; Phoenix 1 - Northern Virginia 3
TOP OF THE 5TH
Phoenix Hotspur batting - Pitching for Northern Virginia Rainbow Mermaids : LHP Raúl Gómez
Batting: RHB Roland Deschain 0-0: Ball
1-0: Ball
2-0: Ball
3-0: Foul Ball, location: 2F
3-1: Foul Ball, location: 2F
3-2: Foul Ball, location: 2F
3-2: Foul Ball, location: 2F
3-2: Strikes out looking
Batting: LHB Wagaw Lukongolo 0-0: Called Strike
0-1: Foul Ball, location: 2F
0-2: Ball
1-2: Foul Ball, location: 2F
1-2: Ball
2-2: Ball
3-2: Fly out, F3 (Line Drive, 3S)
Batting: RHB Julián De Paz 0-0: Called Strike
0-1: Ball
1-1: Foul Ball, location: 2F
1-2: Foul Ball, location: 2F
1-2: Foul Ball, location: 2F
1-2: Foul Ball, location: 2F
1-2: Ball
2-2: Foul Ball, location: 2F
2-2: Ball
3-2: Foul Ball, location: 2F
3-2: Ground out 5-3 (Groundball, 56)
Top of the 5th over - 0 runs, 0 hits, 0 errors, 0 left on base; Phoenix 1 - Northern Virginia 3
BOTTOM OF THE 5TH
Northern Virginia Rainbow Mermaids batting - Pitching for Phoenix Hotspur : RHP José Ruíz
Batting: RHB Mike Strickland 0-0: Ball
1-0: Ball
2-0: Called Strike
2-1: DOUBLE (Flyball, 8RXD)
Batting: RHB Tommy Socorro 0-0: Foul Ball, location: 2F
0-1: Ball
1-1: Fly out, F9 (Flyball, 9S)
Batting: LHB Ty Tomblin 0-0: Called Strike
0-1: Ball
1-1: Ball
2-1: Ball
3-1: SINGLE (Groundball, 34D)
Mike Strickland to third
Runner from 3rd tries for Home, SAFE, no throw
Batting: LHB Scott Kerin 0-0: Foul Ball, location: 2F
0-1: Ball
1-1: Called Strike
Ty Tomblin steals 2nd base
1-2: Ball
2-2: Ball
3-2: Base on Balls
Batting: SHB Melito Báez 0-0: Foul Ball, location: 2F
0-1: Called Strike
0-2: Strikes out swinging
Batting: LHB Kyoji Hakoda 0-0: Ball
1-0: DOUBLE (Groundball, 3L)
Ty Tomblin scores
Scott Kerin to third
Batting: LHB José Ruíz 0-0: Fly out, F8 (Flyball, 8LM)
Bottom of the 5th over - 2 runs, 3 hits, 0 errors, 2 left on base; Phoenix 1 - Northern Virginia 5
TOP OF THE 6TH
Phoenix Hotspur batting - Pitching for Northern Virginia Rainbow Mermaids : LHP Raúl Gómez
Batting: LHB Mark Detamore 0-0: Swinging Strike
0-1: SINGLE (Line Drive, 89S)
Batting: RHB Kyle Bywaters 0-0: Called Strike
0-1: Called Strike
0-2: Strikes out swinging
Batting: LHB Francisco García 0-0: SINGLE (Line Drive, 4MD)
Mark Detamore to second
Batting: RHB Alfredo Pizarro 0-0: Ball
1-0: Called Strike
1-1: Swinging Strike
1-2: Foul Ball, location: 2F
1-2: 3-RUN HOME RUN (Flyball, 7LD), Distance : 369 ft
Pitching: RHP Christian Mustard
Batting: LHB Tadayoshi Watanabe 0-0: Ball
1-0: Ground out 4-3 (Groundball, 34)
Batting: RHB Hieronymus Bosch 0-0: Ball
1-0: Ball
2-0: Swinging Strike
2-1: Swinging Strike
2-2: Ball
3-2: Strikes out looking
Top of the 6th over - 3 runs, 3 hits, 0 errors, 0 left on base; Phoenix 4 - Northern Virginia 5
BOTTOM OF THE 6TH
Northern Virginia Rainbow Mermaids batting - Pitching for Phoenix Hotspur : RHP José Ruíz
Batting: RHB Colt Cabana 0-0: Ball
1-0: Called Strike
1-1: Ball
2-1: Foul Ball, location: 2F
2-2: Strikes out swinging
Batting: RHB Zahid Kashani 0-0: Fly out, F7 (Line Drive, 7)
Batting: RHB Mike Strickland 0-0: Ball
1-0: Fly out, F3 (Popup, 34)
Bottom of the 6th over - 0 runs, 0 hits, 0 errors, 0 left on base; Phoenix 4 - Northern Virginia 5
TOP OF THE 7TH
Phoenix Hotspur batting - Pitching for Northern Virginia Rainbow Mermaids : RHP Christian Mustard
Batting: RHB Roland Deschain 0-0: Ground out 5-3 (Groundball, 56S)
Batting: LHB Wagaw Lukongolo 0-0: Ball
1-0: Ball
2-0: Ball
3-0: Called Strike
3-1: Called Strike
3-2: Base on Balls
Batting: RHB Julián De Paz 0-0: Ball
1-0: Called Strike
1-1: SINGLE (Line Drive, 9LS)
Wagaw Lukongolo to second
Batting: LHB Mark Detamore 0-0: Called Strike
0-1: Grounds into double play, 5-4-3 (Groundball, 56)
Top of the 7th over - 0 runs, 1 hit, 0 errors, 1 left on base; Phoenix 4 - Northern Virginia 5
BOTTOM OF THE 7TH
Northern Virginia Rainbow Mermaids batting - Pitching for Phoenix Hotspur : RHP José Ruíz
Pitching: RHP Morris Prinkey
Batting: RHB Tommy Socorro 0-0: Swinging Strike
0-1: Foul Ball, location: 2F
0-2: Ball
1-2: Strikes out swinging
Batting: LHB Ty Tomblin 0-0: Called Strike
0-1: SINGLE (Groundball, 34D)
Batting: LHB Scott Kerin 0-0: Ball
1-0: Ball
2-0: Ball
3-0: Base on Balls
Ty Tomblin to second
Batting: SHB Melito Báez 0-0: Called Strike
0-1: Ball
1-1: Swinging Strike
1-2: Fly out, F6 (Line Drive, 6MD)
Batting: LHB Kyoji Hakoda 0-0: SINGLE (Line Drive, 6D)
Ty Tomblin to third
Scott Kerin to second
Runner from 3rd tries for Home, SAFE, throw made home
Batting: LHB José Ruíz 0-0: Ball
Passed Ball!
Scott Kerin to third
Kyoji Hakoda to second
1-0: Called Strike
1-1: SINGLE (Groundball, 3D)
Scott Kerin scores
Kyoji Hakoda to third
Batting: RHB Colt Cabana 0-0: Called Strike
José Ruíz steals 2nd base
0-1: Ball
1-1: Swinging Strike
1-2: Ball
2-2: Foul Ball, location: 2F
2-2: Ground out 6-3 (Groundball, 6S)
Bottom of the 7th over - 2 runs, 3 hits, 0 errors, 2 left on base; Phoenix 4 - Northern Virginia 7
TOP OF THE 8TH
Phoenix Hotspur batting - Pitching for Northern Virginia Rainbow Mermaids : RHP Christian Mustard
Batting: RHB Kyle Bywaters 0-0: Ball
1-0: Bunted foul
1-1: Fly out, F3 (Line Drive, 3)
Batting: LHB Francisco García 0-0: Foul Ball, location: 2F
0-1: Called Strike
0-2: SINGLE (Groundball, 6MD)
Batting: RHB Alfredo Pizarro 0-0: Ball
1-0: Called Strike
1-1: Grounds into double play, 6-4-3 (Groundball, 6)
Top of the 8th over - 0 runs, 1 hit, 0 errors, 0 left on base; Phoenix 4 - Northern Virginia 7
BOTTOM OF THE 8TH
Northern Virginia Rainbow Mermaids batting - Pitching for Phoenix Hotspur : RHP Morris Prinkey
Batting: RHB Zahid Kashani 0-0: Fly out, F9 (Flyball, 9LD)
Batting: RHB Mike Strickland 0-0: Ball
1-0: Ball
2-0: Ball
3-0: Called Strike
3-1: Called Strike
3-2: Base on Balls
Batting: RHB Tommy Socorro 0-0: Ball
1-0: DOUBLE (Flyball, 89XD)
Mike Strickland to third
Pitching: LHP Joey Dudley
Batting: LHB Ty Tomblin 0-0: Ball
1-0: Called Strike
1-1: Foul Ball, location: 2F
1-2: Ball
2-2: Foul Ball, location: 2F
2-2: Ball
3-2: SINGLE (Groundball, 4MD)
Mike Strickland scores
Tommy Socorro to third
Batting: LHB Scott Kerin 0-0: Called Strike
0-1: Foul Ball, location: 2F
0-2: Ball
1-2: Ground out 6-3 (Groundball, 6S)
Tommy Socorro scores
Ty Tomblin to second
Batting: SHB Melito Báez 0-0: Ball
1-0: Ground out 6-3 (Groundball, 6D)
Bottom of the 8th over - 2 runs, 2 hits, 0 errors, 1 left on base; Phoenix 4 - Northern Virginia 9
TOP OF THE 9TH
Phoenix Hotspur batting - Pitching for Northern Virginia Rainbow Mermaids : RHP Christian Mustard
Batting: LHB Tadayoshi Watanabe 0-0: Ball
1-0: Foul Ball, location: 2F
1-1: Ball
2-1: Ground out 4-3 (Groundball, 34D)
Batting: RHB Hieronymus Bosch 0-0: SINGLE (Flyball, 8RS)
Batting: RHB Roland Deschain 0-0: Ball
1-0: Called Strike
1-1: Swinging Strike
1-2: Grounds into double play, 1-4-3 (Groundball, 15S)
Top of the 9th over - 0 runs, 1 hit, 0 errors, 0 left on base; Phoenix 4 - Northern Virginia 9
Tuesday, June 12th, 2018 - OOTP Baseball 18.8 Build 76